 Dungeon Crawl Stone Soup version 0.21.1-72-gffa868e (webtiles) character file.

106 Limpidissima the Magician (level 4, -1/33 HPs)
             Began as a Mummy Wizard on Aug 3, 2018.
             Slain by Crazy Yiuf
             ... wielding a +2 quarterstaff of chaos
              (4 damage)
             ... on level 3 of the Dungeon.
             The game lasted 00:12:47 (4086 turns).

Limpidissima the Magician (Mummy Wizard)            Turns: 4086, Time: 00:12:48

Health: -1/33      AC:  2    Str: 10    XL:     4   Next: 55%
Magic:  2/11       EV:  2    Int: 18    God:
Gold:   155        SH:  0    Dex: 10    Spells: 8/14 levels left

rFire    x . .     SeeInvis .   e - +0 dagger
rCold    + . .     Gourm    .   (no shield)
rNeg     + + +     Faith    .   a - +0 robe
rPois    ∞         Spirit   .   b - +0 hat
rElec    .         Reflect  .   (no cloak)
rCorr    .         Harm     .   (no gloves)
MR       .....                  (no boots)
Stlth    ++........             (no amulet)
HPRegen  0.11/turn              (no ring)
MPRegen  0.12/turn              (no ring)

@: petrified, very slightly contaminated
A: no food or potions, fire vulnerability, cold resistance 1, negative energy
resistance 3, torment resistance, unbreathing
a: no special abilities


You were on level 3 of the Dungeon.
You were not hungry.

You visited 1 branch of the dungeon, and saw 3 of its levels.

You collected 155 gold pieces.

Inventory:

Hand Weapons
 e - a +0 dagger (weapon)
Armour
 a - a +0 robe (worn)
 b - a +0 hat (worn)
 m - a scarf of repulsion
Jewellery
 k - an uncursed ring of wizardry {unknown}
 l - an uncursed amulet of harm {unknown}
Scrolls
 d - 4 scrolls of teleportation {unknown}
 f - a scroll of blinking {unknown}
 g - 3 scrolls of immolation {unknown}
 h - 4 scrolls of identify {unknown}
 i - a scroll of magic mapping {unknown}
 j - a scroll of remove curse {unknown}
Books
 c - a book of Minor Magic

   Spells                             Type                      Level
   a - Magic Dart                     Conjuration                  1
   b - Blink                          Translocation                2
   c - Call Imp                       Summoning                    2
   d - Slow                           Hexes                        2
   e - Conjure Flame                  Conjuration/Fire             3
   f - Mephitic Cloud                 Conjuration/Poison/Air       3


   Skills:
 + Level 1.9 Fighting
 + Level 2.3 Dodging
 - Level 1.5 Stealth
 * Level 5.5 Spellcasting
 - Level 0.7 Conjurations
 - Level 0.7 Summonings
   Level 0.7 Translocations


You had 8 spell levels left.
You knew the following spells:

 Your Spells              Type           Power        Failure   Level  Hunger
a - Magic Dart            Conj           #...         10%         1    N/A
b - Call Imp              Summ           #.......     14%         2    N/A
c - Mephitic Cloud        Conj/Pois/Air  #.......     34%         3    N/A

Dungeon Overview and Level Annotations

Branches:
Dungeon (3/15)

Altars:
Hepliaklqana
Nemelex Xobeh

Annotations:
D:3 Crazy Yiuf


Innate Abilities, Weirdness & Mutations

You do not eat or drink.
Your flesh is vulnerable to fire.
You are immune to poison.
Your flesh is cold resistant. (rC+)
You are immune to negative energy. (rN+++)
You are immune to unholy pain and torment.
You can survive without breathing.


Message History

Your crimson imp blinks!
You hit Crazy Yiuf but do no damage.
Crazy Yiuf is lightly wounded.
Crazy Yiuf says, "Buddy senile ena!"
Crazy Yiuf hits you with a quarterstaff of chaos!
Ouch! That really hurt!
You are slowing down.
Your crimson imp blinks!
Your limbs are stiffening.
Crazy Yiuf laughs, "Rot horse turtle!"
Crazy Yiuf hits you with a quarterstaff of chaos!
You have turned to stone.
Crazy Yiuf hits you with a quarterstaff of chaos!
* * * LOW HITPOINT WARNING * * *
Crazy Yiuf barely misses you.
Crazy Yiuf hits you with a quarterstaff of chaos!
* * * LOW HITPOINT WARNING * * *
You convulse.
Crazy Yiuf hits you with a quarterstaff of chaos!
You die...

# #..........!..# #....# #.# #
#.............# #....# #.# #
#########'##..# #%...# #.# #
#..#..#####.. #.# # ##.#......'..
#.# # #.5..#####.. #.## # ##...#
#... # #.g.# # #.## ##########
##@.# #.#.###.# ...÷.....# #..#
#.#.....# .........# #..#
#.#####.## .........# #..#
#......... .........#
#..######...##..##
####.....#######.........#.##..#
####.....#...............#.##..#
§§##.....#.................##..##
§§##.....#...............#.#....)


You could see Crazy Yiuf and a friendly crimson imp.

Vanquished Creatures
  3 gnolls
  An adder (D:3)
  3 dart slugs
  3 leopard geckos
  A ball python (D:2)
  4 giant cockroaches
  6 goblins
  8 hobgoblins
  A quokka (D:2)
  7 bats
  3 frilled lizards
  4 kobolds
  3 rats
47 creatures vanquished.

Vanquished Creatures (collateral kills)
  An adder (D:2)
1 creature vanquished.

Grand Total: 48 creatures vanquished

Notes
Turn   | Place    | Note
-------+----------+-------------------------------------------
     0 | D:1      | Limpidissima the Mummy Wizard began the quest for the Orb.
     0 | D:1      | Reached XP level 1. HP: 13/13 MP: 5/5
   270 | D:1      | Reached XP level 2. HP: 13/20 MP: 0/7
   613 | D:1      | Learned a level 2 spell: Call Imp
   838 | D:1      | Reached skill level 1 in Fighting
  1410 | D:2      | Reached XP level 3. HP: 5/26 MP: 0/9
  1807 | D:2      | Found a hazy altar of Hepliaklqana.
  2192 | D:2      | Reached skill level 5 in Spellcasting
  2403 | D:2      | Learned a level 3 spell: Mephitic Cloud
  3076 | D:3      | Reached XP level 4. HP: 32/32 MP: 2/11
  3743 | D:3      | Found a runed door.
  3747 | D:3      | Noticed Crazy Yiuf
  3889 | D:3      | Found a sparkling altar of Nemelex Xobeh.
  4086 | D:3      | Slain by Crazy Yiuf

Skill      XL: |  1  2  3 |
---------------+----------+-----
Fighting       | 1 |  1.9
Dodging        | 2 |  2.3
Spellcasting   | 5 |  5.5
Stealth        | |  1.5
Conjurations   | |  0.7
Summonings     | |  0.7
Translocations | |  0.7

Action                   |  1- 3 |  4- 6 || total
-------------------------+-------+-------++-------
Melee: Dagger            |    27 |    15 ||    42
       Unarmed           |     2 |       ||     2
 Cast: Magic Dart        |   120 |    41 ||   161
       Call Imp          |     1 |     4 ||     5
       Mephitic Cloud    |     2 |     1 ||     3
Armor: Robe              |    14 |     3 ||    17
Dodge: Dodged            |    48 |    37 ||    85
